 Dungeon Crawl Stone Soup version 0.30-a0-377-g5cb311bc9f (webtiles) character file.

Game seed: 8547087771830428686

70 MackTheKnife the Poker (level 4, -6/28 HPs)
             Began as a Gargoyle Cinder Acolyte on Nov 28, 2022.
             Was a High Priest of Ignis.
             Mangled by Terence
             ... wielding a +0 trident
              (9 damage)
             ... on level 2 of the Dungeon.
             The game lasted 00:02:42 (2101 turns).

MackTheKnife the Poker (Gargoyle Cinder Acolyte)    Turns: 2101, Time: 00:02:42

Health: -6/28      AC: 10    Str: 20    XL:     4   Next: 22%
Magic:  0/5        EV: 10    Int: 14    God:    Ignis [*****.]
Gold:   81         SH:  0    Dex:  5    Spells: 5/5 levels left

rFire   + . .      SeeInvis .    a - -1 spear (flame) {polearm}
rCold   + . .      Faith    .    (no shield)
rNeg    + . .      Spirit   +    h - +2 ring mail {rC+}
rPois   ∞          Reflect  .    (no helmet)
rElec   +          Harm     .    (no cloak)
rCorr   .          Rampage  .    (no gloves)
Will    .....                    (no boots)
Stlth   ..........               r - amulet of guardian spirit
HPRegen 0.24/turn                (no ring)
MPRegen 0.09/turn                (no ring)

@: no status effects
A: sickness immunity, AC +3, negative energy resistance 1, electricity
resistance, torment resistance 1, petrification resistance
a: Renounce Religion, Fiery Armour, Foxfire Swarm, Rising Flame


You were on level 2 of the Dungeon.
You worshipped Ignis.
Ignis was extremely pleased with you.
You visited 1 branch of the dungeon, and saw 2 of its levels.

You collected 81 gold pieces.


Innate Abilities, Weirdness & Mutations

You are immune to sickness and miasma.
Your stone body is resilient. (AC +3)
You are immune to poison.
You resist negative energy. (rN+)
You are resistant to electric shocks. (rElec)
You are resistant to unholy torment.
You are immune to petrification.


   Skills:
 - Level 3.2 Fighting
 + Level 4.5 Polearms
 - Level 1.0 Spellcasting
 - Level 3.0 Fire Magic


You had 5 spell levels left.
You didn't know any spells.
Your spell library contained the following spells:

 Spells                   Type           Power      Damage    Failure   Level
 Scorch                   Fire           18%        2d5       21%         2

Inventory:

Hand Weapons
 a - a -1 spear of flaming (weapon) {polearm}
Missiles
 c - 6 boomerangs (quivered) {throwing}
 d - 27 stones {throwing}
Armour
 b - a +0 robe
 h - a +2 ring mail of cold resistance (worn)
   (You found it on level 1 of the Dungeon)
 o - a +0 ring mail
   (You found it on level 2 of the Dungeon)
Magical Staves
 i - a staff of death {!astaff}
   (You found it on level 1 of the Dungeon)
 j - a staff of death {!astaff}
   (You found it on level 1 of the Dungeon)
Jewellery
 m - a ring of fire
   (You found it on level 2 of the Dungeon)
 r - an amulet of guardian spirit (around neck)
   (You found it on level 2 of the Dungeon)
Scrolls
 g - a scroll of teleportation {unknown}
 k - a scroll of vulnerability {unknown}
 p - a scroll of enchant armour {unknown}
 t - a scroll of enchant weapon {unknown}
Potions
 e - a potion of magic {unknown}
 f - a potion of degeneration {unknown}
 l - a potion of brilliance {unknown}
 n - a potion of mutation {unknown}
 q - a potion of heal wounds {unknown}
 s - a potion of attraction {unknown}

Dungeon Overview and Level Annotations

Branches:
Dungeon (2/15) Zot: 9919

Altars:

Annotations:
D:2 Terence

............# #...##########...
.####.......# ####### #... .#
#......## ##.....## #.##
.####......# #.......# #.#
...##.###### #.......# #.#
...##.####### #.......#######.#
...##.#.....# #.............#.##
.####.#.....# #..@...######.#...
............# ##@.....# #.####
.####.......# #.......# #.#### .#
#.......# #.#.^...# #.....
.####.......# #.#.....###########
............# #.#................
######......###.#......#......###
................####.#.#......@..
#.#####.....#......#.#.#....#.#.<
#.....#.....#.####.#.#.#.##.#.#..


You could see Terence.


Message History

You barely miss the quokka.
The quokka bites you but does no damage.
A quokka is nearby!
A quokka is nearby!
You hit the quokka. You burn the quokka.
You kill the quokka!
No target in view!
No target in view!
No target in view!
Key pressed, stopping explore.
You see here a +0 flail {mace}.
You see here a +0 sling.
Found a stone staircase leading down.
Done exploring.
Done exploring.
There is a stone staircase leading up here.
Things that are here:
2 stones {throwing}; a +0 short sword {short} Terence shouts!
Unknown command.
Press: ? - help, v - describe, . - travel
Here: Terence, wielding a +0 trident and wearing a +0 scale mail The floor.
Unknown command.
You aren't carrying any items that you can evoke.
Unknown command.
Okay, then.
Reach: a) -1 spear (flame) {polearm}
Press: ? - help, Dir - move target, f - Terence
Aim: Terence, wielding a +0 trident and wearing a +0 scale mail (about 40% to evade your -1 spear of flaming)
You reach to attack!
You hit Terence but do no damage.
Terence hits you from afar with a +0 trident! 😮 HP[-8] MP[-1]
You take 8 damage, and now have 20/28 hp.
MASSIVE DAMAGE!! (PAUSE)
You lost 1 mp, and now have 4/5 mp.
Unknown command.
Terence hits you with a +0 trident. 😮 HP[-1]
You take 1 damage, and now have 19/28 hp.
You barely miss Terence. Terence closely misses you. 😮 HP[+1]
You barely miss Terence. Terence barely misses you.
You hit Terence but do no damage. Terence closely misses you.
You hit Terence. You burn Terence. Terence hits you but does no damage.
You completely miss Terence. 😮 HP[+1]
You hit Terence but do no damage. Terence barely misses you.
You barely miss Terence.
Terence hits you with a +0 trident. 😮 HP[-2]
You take 2 damage, and now have 19/28 hp.
You hit Terence. You burn Terence.
Terence hits you with a +0 trident. 😮 HP[-1]
You take 1 damage, and now have 18/28 hp.
You completely miss Terence. Terence barely misses you.
You hit Terence but do no damage. Terence barely misses you. 😮 HP[+1]
You hit Terence but do no damage.
Terence hits you with a +0 trident. 😮 HP[-2]
You take 2 damage, and now have 17/28 hp.
You closely miss Terence.
Terence asks, "Do you want it fast or slow?"
Terence hits you with a +0 trident.
* * * LOW HITPOINT WARNING * * *
😨 HP[-3]
You take 3 damage, and now have 14/28 hp.
You barely miss Terence. You hit Terence but do no damage.
Terence hits you but does no damage.
You hit Terence but do no damage. Terence hits you with a +0 trident.
* * * LOW HITPOINT WARNING * * *
You hit Terence but do no damage. Terence hits you with a +0 trident.
* * * LOW HITPOINT WARNING * * *
😨 HP[-2] MP[-1]
You take 2 damage, and now have 12/28 hp.
You lost 1 mp, and now have 3/5 mp.
You closely miss Terence. You punch Terence.
Terence says, "Don't bother to defend, it's pointless."
Terence hits you with a +0 trident.
* * * LOW HITPOINT WARNING * * *
😱 HP[-5] MP[-1]
You take 5 damage, and now have 7/28 hp.
You lost 1 mp, and now have 2/5 mp.
You hit Terence. You burn Terence. Terence hits you with a +0 trident.
* * * LOW HITPOINT WARNING * * *
😱 HP[-2] MP[-1]
You take 2 damage, and now have 5/28 hp.
You lost 1 mp, and now have 1/5 mp.
Terence says, "Rest in peace."
Terence barely misses you. 😱 HP[+1] Really walk into that dispersal trap?
You enter a dispersal trap!
Terence blinks! x2
You blink. 😱 HP[+1] Terence hits you from afar with a +0 trident.
* * * LOW HITPOINT WARNING * * *
😱 HP[-4]
You take 4 damage, and now have 3/28 hp.
Terence hits you from afar with a +0 trident!
You die...

Skill      XL: |  1  2  3 |
---------------+----------+-----
Polearms       | 3 4 |  4.5
Fighting       | |  3.2
Spellcasting   | |  1.0
Fire Magic     | |  3.0

Action                   |  1- 3 |  4- 6 || total
-------------------------+-------+-------++-------
Melee: Spear             |   182 |    57 ||   239
       Punch             |       |     1 ||     1
Armor: Robe              |    21 |       ||    21
       Ring mail         |    50 |    15 ||    65
Dodge: Dodged            |    80 |    20 ||   100

Levels and vault maps discovered:
D:1:      dpeg_chamrin_arrival_tetris, layout_basic,
          ebering_ecumenical_altar_petrified, wad_floor_pattern_2
D:2:      layout_basic, grunt_decor_resistance, uniq_terence

Notes
Turn   | Place    | Note
-------+----------+-------------------------------------------
     0 | D:1      | MackTheKnife the Gargoyle Cinder Acolyte began the quest
                  | for the Orb.
     0 | D:1      | Reached XP level 1. HP: 14/14 MP: 2/2
     0 | D:1      | magus.rc [v1.9.6]
    67 | D:1      | Reached skill level 3 in Polearms
   224 | D:1      | Reached XP level 2. HP: 19/19 MP: 3/3
   610 | D:1      | Reached XP level 3. HP: 23/23 MP: 4/4
   859 | D:1      | Found a faded altar of an unknown god.
  1003 | D:2      | Reached skill level 4 in Polearms
  1398 | D:2      | Reached XP level 4. HP: 28/28 MP: 5/5
  1447 | D:2      | Noticed Terence
  1466 | D:2      | HP: 5/28 [Terence/+0 trident (6)]
  2093 | D:2      | HP: 7/28 [Terence/+0 trident (5)]
  2100 | D:2      | HP: 3/28 [Terence/+0 trident (4)]
  2101 | D:2      | Mangled by Terence

Vanquished Creatures
  2 adders (D:2)
  2 dart slugs (D:2)
  5 ball pythons
  5 endoplasms
  2 goblins (D:1)
  7 hobgoblins
  7 kobolds
  A quokka (D:2)
  6 bats
  5 frilled lizards
  5 rats
47 creatures vanquished.

Vanquished Creatures (others)
  A withered plant (D:1)
1 creature vanquished.

Grand Total: 48 creatures vanquished

Table legend:
 A = Non-vault XP
 B = Vault XP
 C = Vault XP percentage of total XP
 D = Non-vault monster count
 E = Vault monster count
 F = Vault count percentage of total count
                 A         B        C        D         E       F
            +---------+---------+-------+---------+---------+-------
      Total |     101 |       0 |   0.0 |      47 |       0 |   0.0
            +---------+---------+-------+---------+---------+-------
        D:1 |      37 |       0 |   0.0 |      24 |       0 |   0.0
        D:2 |      64 |       0 |   0.0 |      23 |       0 |   0.0
            +---------+---------+-------+---------+---------+-------

Illustrated notes

Table legend:
 A = Kills in this place as a percentage of kills in entire the game.
 B = Kills by you in this place as a percentage of kills by you in the entire game.
 C = Kills by friends in this place as a percentage of kills by friends in the entire game.
 D = Other kills in this place as a percentage of other kills in the entire game.
 E = Experience gained in this place as a percentage of experience gained in the entire game.
 F = Experience gained in this place divided by the number of levels of this place that you have seen.
                   A       B       C       D       E      F
               +-------+-------+-------+-------+-------+----------------------
         Total | 100.0 | 100.0 |   N/A |   N/A | 100.0 |  50.5
       Dungeon | 100.0 | 100.0 |   N/A |   N/A | 100.0 |  50.5
               +-------+-------+-------+-------+-------+----------------------

Table legend: (Time is in decaauts)
 A = Elapsed time spent in this place.
 B = Non-inter-level travel time spent in this place.
 C = Inter-level travel time spent in this place.
 D = Time resting spent in this place.
 E = Time spent auto-exploring this place.
 F = Levels seen in this place.
 G = Mean time per level.
                   A        B        C        D        E       F      G
               +--------+--------+--------+--------+--------+-----+--------+
         Total |   2079 |   1963 |    116 |     48 |   1495 |   2 | 1039.5 |
       Dungeon |   2079 |   1963 |    116 |     48 |   1495 |   2 | 1039.5 |
               +--------+--------+--------+--------+--------+-----+--------+

Top non-repeatable levels by time:
     D:2: 1096 daAuts
     D:1: 983 daAuts
